 Dungeon Crawl Stone Soup version 0.23.0 (webtiles) character file.

Game seed: 14663040835523069283

1008 Gorice the Cleaver (level 8, -3/64 HPs)
             Began as a Hill Orc Wanderer on Feb 9, 2019.
             Was a Follower of the Shining One.
             Killed from afar by an orc (13 damage)
             ... with a wand of acid (7)
             ... on level 6 of the Dungeon.
             The game lasted 00:16:33 (4594 turns).

Gorice the Cleaver (Hill Orc Wanderer)              Turns: 4594, Time: 00:16:34

Health: -3/64      AC: 11    Str: 19    XL:     8   Next: 20%
Magic:  8/8        EV:  6    Int: 12    God:    the Shining One [*.....]
Gold:   206        SH:  0    Dex:  8    Spells: 7/7 levels left

rFire    + . .     SeeInvis .   a - +0 war axe (flame)
rCold    + . .     Gourm    .   (no shield)
rNeg     . . .     Faith    +   s - +0 plate armour
rPois    .         Spirit   .   t - +1 helmet
rElec    .         Reflect  .   h - scarf {rC+ rF+}
rCorr    .         Harm     .   (no gloves)
MR       .....                  (no boots)
Stlth    ..........             i - amulet of faith {!P}
HPRegen  0.20/turn              (no ring)
MPRegen  0.11/turn              (no ring)

@: corroded, glowing
A: no striking features
a: Renounce Religion


You were on level 6 of the Dungeon.
You worshipped the Shining One.
The Shining One was aware of your devotion.
You were not hungry.

You visited 2 branches of the dungeon, and saw 7 of its levels.

You collected 206 gold pieces.

Inventory:

Hand Weapons
 a - a +0 war axe of flaming (weapon)
   (You found it on level 5 of the Dungeon)
 A - a +0 hand axe
 B - a +0 blowgun
Missiles
 e - 37 sling bullets
 f - 5 curare-tipped needles
 p - a tomahawk (quivered)
 Y - 126 stones
 Z - 2 throwing nets {!f}
Armour
 b - a +2 scale mail
 h - a scarf of resistance (worn)
   (You found it on level 6 of the Dungeon)
 s - a +0 plate armour (worn)
 t - a +1 helmet (worn)
Jewellery
 i - an amulet of faith (around neck) {!P}
 u - an uncursed amulet of the acrobat
Wands
 q - a wand of iceblast (5)
Scrolls
 c - 5 scrolls of teleportation {!r}
 v - 3 scrolls of remove curse
Potions
 g - 4 potions of brilliance {!q}
 j - a potion of lignification {unknown}
 k - 3 potions of flight
 l - a potion of mutation {!q}
 m - a potion of curing {unknown}
 n - a potion of agility {unknown}
 o - 2 potions of resistance {!q}
 r - a potion of magic {unknown}
 x - a potion of might {unknown}
 z - 2 potions of ambrosia {unknown}
Comestibles
 d - 8 rations


   Skills:
 - Level 3.6 Fighting
 * Level 9.8 Axes
   Level 1.1(5.2) Maces & Flails
 - Level 1.0 Throwing
 + Level 7.3 Armour
   Level 1.1 Shields


You had 7 spell levels left.
You didn't know any spells.
Your spell library was empty.

Dungeon Overview and Level Annotations

Branches:
Dungeon (6/15)             Temple (1/1) D:5

Altars:
Ashenzari
Cheibriados
Dithmenos
Elyvilon
Fedhas
Hepliaklqana
Kikubaaqudgha
Makhleb
Okawaru
Qazlal
Trog
Uskayaw
Vehumet
Wu Jian
Xom
Yredelemnul
Zin
The Shining One

Annotations:
D:4 1 runed translucent door, Aston's ghost, novice FoEE


Message History

The adder is almost dead.
The adder bites you but does no damage.
You barely miss the adder.
The adder is almost dead.
The adder bites you but does no damage.
You closely miss the adder.
The adder is almost dead.
The adder bites you but does no damage. x2
Your plate armour prevents you from hitting the adder.
The adder is almost dead.
The adder bites you.
Damage: 3 (max 3)
You closely miss the adder.
The adder is almost dead.
The adder bites you but does no damage.
Your plate armour prevents you from hitting the adder.
The adder is almost dead.
The adder bites you but does no damage. x2
Your plate armour prevents you from hitting the adder.
The adder is almost dead.
The adder bites you but does no damage.
Your plate armour prevents you from hitting the adder.
The adder is almost dead.
The adder completely misses you.
You slice the adder!! You burn the adder.
You kill the adder!
You slash the ice beast!
You melt the ice beast.
The ice beast is heavily wounded.
The ice beast hits you but does no damage.
Your plate armour prevents you from hitting the ice beast.
The ice beast is heavily wounded.
An orc comes into view.
It is wielding a +0 quarterstaff and carrying a wand of acid (9).
The ice beast hits you but does no damage.
The orc shouts!
You slash the ice beast!
You melt the ice beast!
You kill the ice beast!
The orc zaps a wand.
The bolt of acid hits you! The acid corrodes you!
You are splashed with acid!
Damage: 24 (max 24)
The orc zaps a wand.
The bolt of acid hits you!
* * * LOW HITPOINT WARNING * * *
You are splashed with acid!
* * * LOW HITPOINT WARNING * * *
You are too injured to fight recklessly!
Damage: 18 (max 24)
You are too injured to fight recklessly!
You are too injured to fight recklessly!
Unknown command.
The orc zaps a wand.
The bolt of acid hits you!
You die...

. .. ... ########### ....
#.........# .....
#.........####.?....
#.........##........
#####.##.##.........
##.@..(..#.......
####..##.####.Y.....
#.....##.# ....?..
####.##.###.# .......
####....##.###รท## #......
.........o.......[.##.....
###....##.####..###
#....##.# ..# #.......#
.##


You could see an orc.

Vanquished Creatures
  Menkaure (D:5)
  An ice beast (D:6)
  An ogre (D:4)
  A phantom (D:4)
  2 bullfrogs (D:6)
  A wyvern zombie (D:6)
  A centaur zombie (D:5)
  A quasit (D:5)
  2 hounds (D:6)
  A jelly (D:5)
  2 orc priests (D:6)
  2 orc wizards
  Robin (D:4)
  A gnoll (D:1)
  4 adders
  A shadow imp (D:5)
  An ooze (D:2)
  An adder skeleton (D:4)
  2 worms
  A dart slug (D:1)
  2 leopard geckos (D:3)
  14 orcs
  3 ball pythons
  4 giant cockroaches
  15 goblins
  2 hobgoblins
  6 jackals
  3 quokkas
  2 bats
  4 frilled lizards
  6 kobolds
  A leopard gecko skeleton (D:4)
  2 rats
92 creatures vanquished.

Notes
Turn   | Place    | Note
-------+----------+-------------------------------------------
     0 | D:1      | Gorice the Hill Orc Wanderer began the quest for the Orb.
     0 | D:1      | Gorice set off with the following items: a +2 scale mail, a
                  | +0 hand axe, a scroll of teleportation {!r}, a ration
     0 | D:1      | Reached XP level 1. HP: 19/19 MP: 1/1
    37 | D:1      | Reached skill level 1 in Axes
   125 | D:1      | Reached XP level 2. HP: 26/26 MP: 2/2
   190 | D:1      | Reached skill level 2 in Axes
   852 | D:2      | Reached XP level 3. HP: 31/31 MP: 3/3
   907 | D:2      | Found a faded altar of an unknown god.
   969 | D:2      | Reached skill level 3 in Axes
  1237 | D:2      | Found a glowing silver altar of Zin.
  1930 | D:3      | Reached XP level 4. HP: 39/39 MP: 4/4
  1968 | D:3      | Reached skill level 5 in Armour
  2001 | D:3      | Reached skill level 4 in Axes
  2234 | D:3      | Found a basalt altar of Yredelemnul.
  2629 | D:4      | Noticed Robin
  2637 | D:4      | Reached XP level 5. HP: 38/45 MP: 5/5
  2757 | D:4      | Reached skill level 5 in Axes
  2773 | D:4      | Killed Robin
  2828 | D:4      | Noticed an ogre
  2843 | D:4      | Killed an ogre
  2843 | D:4      | Reached skill level 6 in Axes
  2843 | D:4      | Reached XP level 6. HP: 21/51 MP: 6/6
  3215 | D:4      | Noticed a phantom
  3248 | D:4      | Killed a phantom
  3259 | D:4      | Found a runed translucent door.
  3259 | D:4      | Noticed Aston's ghost (novice FoEE)
  3373 | D:5      | Entered Level 5 of the Dungeon
  3451 | D:5      | Reached skill level 6 in Armour
  3478 | D:5      | Reached skill level 7 in Axes
  3530 | D:5      | Found a staircase to the Ecumenical Temple.
  3535 | Temple   | Entered the Ecumenical Temple
  3687 | Temple   | Became a worshipper of the Shining One
  3751 | D:5      | Noticed Menkaure
  3761 | D:5      | Killed Menkaure
  3761 | D:5      | Reached XP level 7. HP: 31/57 MP: 7/7
  3805 | D:5      | Found a snail-covered altar of Cheibriados.
  4150 | D:5      | Reached skill level 8 in Axes
  4457 | D:6      | Reached * piety under the Shining One
  4475 | D:6      | Reached skill level 9 in Axes
  4479 | D:6      | Reached skill level 7 in Armour
  4488 | D:6      | Reached XP level 8. HP: 44/64 MP: 8/8
  4593 | D:6      | HP: 18/64 [orc/wand of acid (8) (10)]
  4594 | D:6      | Killed from afar by an orc

Skill      XL: |  1  2  3  4  5  6  7 |
---------------+----------------------+-----
Axes           | 1 2 3 4 6 7 9 |  9.8
Armour         | 5 6 7 |  7.3
Fighting       | |  3.6
Maces & Flails | |  1.1
Throwing       | |  1.0
Shields        | |  1.1

Action                   |  1- 3 |  4- 6 |  7- 9 || total
-------------------------+-------+-------+-------++-------
Melee: Hand axe          |   102 |   199 |    21 ||   322
       War axe           |       |       |    60 ||    60
Throw: Tomahawk          |     3 |     5 |     1 ||     9
       Stone             |     3 |     7 |       ||    10
  Use: Scroll            |     1 |     8 |     2 ||    11
  Eat: Chunk             |     3 |     4 |     2 ||     9
       Ration            |       |     1 |       ||     1
Armor: Scale mail        |    48 |       |       ||    48
       Plate armour      |    13 |   142 |    58 ||   213
Dodge: Dodged            |    50 |    51 |    23 ||   124

Table legend:
 A = Turns spent in this place as a percentage of turns spent in the entire game.
 B = Non-inter-level travel turns spent in this place as a percentage of non-inter-level travel turns spent in the entire game.
 C = Inter-level travel turns spent in this place as a percentage of turns spent in this place.
 D = Turns resting spent in this place as a percentage of non-inter-level travel turns spent in this place.
 E = Turns spent auto-exploring this place as a percentage of non-inter-level travel turns spent in this place.
 F = Non-inter-level travel turns spent in this place divided by the number of levels of this place that you've seen.
                   A       B       C       D       E      F
               +-------+-------+-------+-------+-------+----------------------
         Total | 100.0 | 100.0 |   2.6 |  19.0 |  54.9 | 639.3
       Dungeon |  96.4 |  96.5 |   2.5 |  19.7 |  54.1 | 719.7
        Temple |   3.6 |   3.5 |   5.4 |   0.0 |  77.7 | 157.0
               +-------+-------+-------+-------+-------+----------------------

Levels and vault maps discovered:
D:1:      dpeg_arrival_round_b, layout_basic
D:2:      layout_loops_ring, overflow_temple_1_default,
          chequers_ecumenical_altar_simple, minivault_19
D:3:      layout_basic, yredelemnul_altar_generic
D:4:      layout_cave_pools, ebering_ghost_reflecting_pool, uniq_robin
D:5:      layout_basic, temple_doors_e, basic_altar, first_ration,
          kennysheep_dice, uniq_menkaure
D:6:      layout_rooms, nicolae_alphabet_shops, minmay_misc_feat_pillars
Temple:   nicolae_temple_elliptical
